 Dungeon Crawl Stone Soup version 0.27.1-34-g3ba077fa99 (webtiles) character file.

Game seed: 13268361513387486193

130 Descartes the Grasshopper (level 5, -4/38 HPs)
             Began as a Formicid Warper on Jan 16, 2022.
             Slain by Grinder (5 damage)
             ... on level 3 of the Dungeon.
             The game lasted 00:03:46 (3005 turns).

Descartes the Grasshopper (Formicid Warper)         Turns: 3005, Time: 00:03:47

Health: -4/38      AC:  8    Str: 17      XL:     5   Next: 36%
Magic:  8/8        EV: 10    Int: 11 (12) God:
Gold:   171        SH:  0    Dex: 10      Spells: 8/8 levels left

rFire    . . .     SeeInvis +   f - +2 mace (vorpal)
rCold    . . .     Faith    .   (no shield)
rNeg     . . .     Spirit   .   k - +0 scale mail
rPois    .         Reflect  .   (helmet unavailable)
rElec    .         Harm     .   d - +0 cloak
rCorr    .         Rampage  .   (no gloves)
Will     .....                  (no boots)
Stlth    ..........             (no amulet)
HPRegen  0.12/turn              (no ring)
MPRegen  0.11/turn              (no ring)

@: no status effects
A: permanent stasis, dig shafts and tunnels, antennae 3, four strong arms
a: Dig, Shaft Self


You were on level 3 of the Dungeon.
You visited 1 branch of the dungeon, and saw 3 of its levels.

You collected 171 gold pieces.

Inventory:

Hand Weapons
 a - a +0 mace
 f - a +2 vorpal mace (weapon)
Missiles
 c - 5 boomerangs of dispersal (quivered)
 l - 95 stones
Armour
 d - a +0 cloak (worn)
 k - a +0 scale mail (worn)
Wands
 m - a wand of acid (8)
Scrolls
 e - a scroll of vulnerability {unknown}
 g - 3 scrolls of identify {unknown}
 h - a scroll of brand weapon {unknown}
 n - a scroll of enchant weapon {unknown}
Potions
 b - a potion of resistance {unknown}
 i - 2 potions of heal wounds {unknown}
 j - a potion of brilliance {unknown}
 o - a potion of might {unknown}


   Skills:
 - Level 2.1 Fighting
 - Level 2.0 Maces & Flails
 - Level 1.0 Throwing
 + Level 3.7 Armour
 - Level 1.7 Dodging
 - Level 2.1 Spellcasting
 + Level 4.1 Translocations


You had 8 spell levels left.
You didn't know any spells.
Your spell library contained the following spells:

 Spells                   Type           Power      Damage    Failure   Level
 Gell's Gravitas          Tloc           5%         N/A       45%         3
 Lesser Beckoning         Tloc           5%         N/A       45%         3
 Teleport Other           Tloc           10%        N/A       45%         3
 Shock                    Conj/Air       4%         1d3       67%         1
 Ensorcelled Hibernation  Hex/Ice        2%         N/A       80%         2
 Spider Form              Tmut/Pois      0%         N/A       95%         3
 Manifold Assault         Tloc           10%        N/A       99%         5
 Airstrike                Air            0%         N/A       100%        4
 Shadow Creatures         Summ           N/A        N/A       100%        6
 Blink                    Tloc           Unusable   N/A       N/A         2
 Swiftness                Air            Unusable   N/A       N/A         3

Dungeon Overview and Level Annotations

Branches:
Dungeon (3/15)

Altars:
Elyvilon
Hepliaklqana
Sif Muna

Shops:
D:3 *

Annotations:
D:3 Grinder


Innate Abilities, Weirdness & Mutations

You cannot be hasted, slowed, berserked, paralysed or teleported.
You can dig through walls and to a lower floor.
You have a pair of large antennae on your head. (SInv)
Your four strong arms can wield two-handed weapons with a shield.


Message History

The adder is almost dead.
The adder closely misses you.
You miss the adder.
The adder is almost dead.
The adder bites you but does no damage.
Grinder says, "I used to sell toenails on the black market."
The adder bites you but does no damage.
You barely miss the adder.
The adder is almost dead.
The adder bites you but does no damage. x2
You hit the adder.
You kill the adder!
You hit the rat but do no damage. The rat barely misses you.
You thump the rat!
You kill the rat!
Grinder says, "You look like you could use a good racking."
Grinder gestures at you.
You struggle to resist.
Grinder closely misses you.
You sock Grinder!
Grinder is moderately wounded.
Grinder gestures at you. You resist with significant effort.
Grinder closely misses you.
You hit Grinder.
Grinder is heavily wounded.
Grinder blinks!
Grinder blinks!
Grinder hits you but does no damage.
Grinder says, "DUCK!"
You hit Grinder.
Grinder is severely wounded.
Grinder gestures at you. Pain shoots through your body!
* * * LOW HITPOINT WARNING * * *
You barely miss Grinder.
Grinder is severely wounded.
Grinder hits you but does no damage. Grinder hits you!
* * * LOW HITPOINT WARNING * * *
You writhe in agony.
You die...

.....)#.......
)............. ...
.............. #.#
.......#########.###
........# #......# ........#
#......#..........
........##
#......##.........
..#####..#
#......##......... ..# ##.##
#...@..##......... ..# #..#
#...5..##......... ### ##.#
#......##.........
#######'###......##.........
#.........#.................
#...........................
#....................######.
###....)...............#
.......................#


You could see Grinder.

Vanquished Creatures
  Ijyb (D:3)
  4 adders
  2 worms (D:2)
  A dart slug (D:2)
  6 ball pythons
  A bat (D:3)
  8 endoplasms
  3 giant cockroaches
  7 goblins
  8 hobgoblins
  5 kobolds
  3 quokkas
  3 frilled lizards
  5 rats
57 creatures vanquished.

Vanquished Creatures (others)
  9 plants (D:1)
9 creatures vanquished.

Grand Total: 66 creatures vanquished

Notes
Turn   | Place    | Note
-------+----------+-------------------------------------------
     0 | D:1      | Descartes the Formicid Warper began the quest for the Orb.
     0 | D:1      | Reached XP level 1. HP: 16/16 MP: 3/3
   276 | D:1      | Reached XP level 2. HP: 18/22 MP: 5/5
   278 | D:1      | Reached skill level 3 in Translocations
   908 | D:1      | Found a faded altar of an unknown god.
   916 | D:1      | Reached XP level 3. HP: 25/27 MP: 6/6
   916 | D:1      | Became a worshipper of Sif Muna the Loreminder
   916 | D:1      | Reached * piety under Sif Muna
   917 | D:1      | Fell from the grace of Sif Muna
  2104 | D:2      | Reached XP level 4. HP: 28/33 MP: 7/7
  2712 | D:3      | Found a white marble altar of Elyvilon.
  2713 | D:3      | Found a shimmering blue altar of Sif Muna.
  2721 | D:3      | Found a hazy altar of Hepliaklqana.
  2763 | D:3      | Noticed Ijyb
  2778 | D:3      | Killed Ijyb
  2779 | D:3      | Reached skill level 4 in Translocations
  2779 | D:3      | Reached XP level 5. HP: 34/38 MP: 8/8
  2818 | D:3      | Found Bacevy's General Store.
  2969 | D:3      | Noticed Grinder
  3005 | D:3      | HP: 1/38 [Grinder (7)]
  3005 | D:3      | Slain by Grinder

Illustrated notes

Levels and vault maps discovered:
D:1:      dpeg_arrival_shrine, layout_basic,
          shapermc_ecumenical_altar_notcrosses, serial_bayou_lagoon_a,
          hangedman_abyss_or_decor_stabs, minmay_tromino_v4_a
D:2:      layout_loops_cross
D:3:      layout_basic, grunt_temple_overflow_open, serial_shops,
          nicolae_shop_trees, shop, shop, hangedman_decor_growths,
          nicolae_underground_beach, uniq_ijyb, uniq_grinder

Skill      XL: |  1  2  3  4 |
---------------+-------------+-----
Translocations | 3 4 |  4.1
Armour         | 2 3 |  3.7
Fighting       | |  2.1
Maces & Flails | |  2.0
Throwing       | |  1.0
Dodging        | |  1.7
Spellcasting   | |  2.1

Action                   |  1- 3 |  4- 6 || total
-------------------------+-------+-------++-------
Melee: Mace              |    81 |    69 ||   150
Invok: Renounce Religion |     1 |       ||     1
Armor: Leather armour    |    26 |       ||    26
       Scale mail        |    10 |    38 ||    48
Dodge: Dodged            |    57 |    35 ||    92
